[Event "Charlotte Spring IM-C 2023"]
[Site "Charlotte"]
[Date "2023.03.16"]
[Round "2.4"]
[White "Nguyen, James Le"]
[Black "Vanapalli, Vishnu"]
[Result "1/2-1/2"]
[ECO "C78"]
[WhiteElo "2100"]
[BlackElo "2226"]
[Annotator "TA"]
[PlyCount "107"]
[EventDate "2023.03.14"]
[EventType "tourn"]
[EventCountry "USA"]
[SourceTitle "playchess.com"]
[Source "ChessBase"]
[SourceQuality "1"]
[TimeControl "5400+30"]

1. e4 e5 2. Nf3 Nc6 3. Bb5 a6 4. Ba4 Nf6 5. O-O b5 6. Bb3 Bc5 7. a4 Rb8 8. c3 d6 9. d4 Bb6 $1 10. a5 $1 {[%emt 0:00:46] The main line 10.a5 scores better than 10.axb5. C78: Ruy Lopez: Archangelsk and Möller Defences.} Ba7 (10... Bxa5 $2 11. dxe5 (11. d5 Ne7 $18) 11... dxe5 12. Qxd8+ Kxd8 13. Bd5 (13. Bxf7 Bb6 $16) 13... Nxd5 14. exd5 $18) 11. h3 O-O 12. Be3 Nxe4 (12... Ra8 $11) 13. Bd5 $16 exd4 14. Bxe4 d5 {[%emt 0:00:00] [#]} 15. Bxh7+ $1 Kxh7 16. cxd4 {[%emt 0:00:17] Qc2+ is the strong threat.} Bf5 {[%emt 0:00:00] Dodges Qc2} 17. Nbd2 Kg8 18. Nb3 f6 19. Rc1 Qd7 {[%emt 0:00:00] [#]} 20. Qd2 (20. Nh4 $1 $16 Ne7 21. Re1) 20... Rbe8 {[%emt 0:00:00] [#]} 21. Rfe1 $146 ({Predecessor:} 21. Bf4 Be4 22. Nh2 Bf5 23. Qc3 Re6 24. Rfe1 Rfe8 25. Rxe6 Rxe6 26. Nf1 Bh7 27. Bg3 {0-1 Shuvalova,P (2492)-Strybuk,A (2312) Chigorin Memorial 29th 2022 (4)}) 21... Be4 22. Nh2 Re6 23. Nc5 Bxc5 24. Rxc5 Nd8 25. Nf1 c6 26. Ng3 Rfe8 27. Rcc1 Nf7 28. b3 Bh7 29. Qb4 g5 30. Bd2 Rxe1+ 31. Bxe1 Bg6 32. Qc5 f5 {[%emt 0:02:50] [#]} (32... Re6 $142) 33. Bd2 $1 (33. Qxc6 $2 Qxc6 34. Rxc6 Rxe1+ $19) 33... f4 34. Qxc6 Qe6 35. Nf1 Bf5 36. Qxe6 Rxe6 37. Rc5 Re4 38. Rc6 (38. Rxd5 $6 Be6 39. f3 Bxd5 $14) 38... Rxd4 $2 (38... Re6 $16 39. Rc5 Kh7) 39. Rxa6 $18 {[%emt 0:00:06] Black must now prevent Ra8+.} Bc2 40. Ra8+ Kh7 41. b4 {[%emt 0:04:06] Hoping for a6.} Bd3 42. Rf8 {[%emt 0:02:38] a6 would be deadly.} Bxf1 43. Rxf7+ {[%emt 0:01:45][%mdl 4096] Endgame KRB-KRB} Kg6 {[%emt 0:03:18] [#]} 44. Rg7+ Kf5 (44... Kxg7 $2 45. Bc3 Kf7 46. Bxd4 $18) 45. Kxf1 (45. g4+ $18 {is more deadly.} Ke4 46. Kxf1 Rxd2 47. Kg2 (47. Rxg5 f3 $16)) 45... Rxd2 {[%emt 0:00:00] KR-KR} 46. Rb7 (46. Rg8 $16) 46... Ke4 $1 $11 {[%emt 0:00:00] The position is equal.} 47. Rxb5 {[%emt 0:01:13] aiming for a6.} Ra2 $1 48. Ke1 d4 $1 49. Rxg5 {[%emt 0:00:32] Strongly threatening Rc5.} Kd3 $1 (49... Ra1+ $2 50. Kd2 Ra2+ 51. Kc1 $18 (51. Ke1 Kd3 $11)) 50. f3 Ra1+ 51. Kf2 Ra2+ 52. Ke1 Ra1+ 53. Kf2 Ra2+ 54. Ke1 {[%emt 0:00:16] White really could win this.   Weighted Error Value: White=0.21 (precise) /Black=0.20 (precise)} 1/2-1/2

[Event "Charlotte Spring IM-C 2023"]
[Site "Charlotte"]
[Date "2023.03.16"]
[Round "2.5"]
[White "Jayaraman, Roshan"]
[Black "Sriniaiyer, Sudarshan"]
[Result "1/2-1/2"]
[ECO "D55"]
[WhiteElo "1907"]
[BlackElo "2186"]
[Annotator "TA"]
[PlyCount "75"]
[EventDate "2023.03.14"]
[EventType "tourn"]
[EventCountry "USA"]
[SourceTitle "playchess.com"]
[Source "ChessBase"]
[SourceQuality "1"]
[TimeControl "5400+30"]

1. d4 Nf6 2. c4 e6 3. Nc3 d5 4. Bg5 Be7 5. e3 O-O 6. Nf3 h6 7. Bxf6 Bxf6 8. Rc1 c6 9. Bd3 Nd7 10. O-O dxc4 11. Bxc4 e5 12. Ne4 exd4 13. Nxf6+ {[%emt 0:00:12] D55: Queen's Gambit Declined: 4 Bg5 Be7: Lines without ...h6 and 6...h6 7 Bxf6.} Qxf6 14. Qxd4 Qe7 15. Rfd1 Nb6 16. Bb3 {[%emt 0:01:49] Black is weak on the dark squares} Be6 {[%emt 0:00:00] [#]} 17. Qe5 $146 ({Predecessor:} 17. Qe4 Rfe8 18. Bxe6 Qxe6 19. Qxe6 Rxe6 20. Rd4 Kf8 {½-½ Doda,Z-Lengyel,L Kecskemet Toth Memorial-02 1968 (6)}) 17... Rfe8 18. Nd4 {[%emt 0:04:38] With the idea Nxe6.} (18. Bxe6 {simplifies} Qxe6 19. Qxe6 Rxe6 20. Nd4) 18... Bxb3 19. Qxe7 Rxe7 20. Nxb3 Kf8 21. Rd4 Rc8 22. Kf1 Rd7 23. Rxd7 Nxd7 $11 {[%emt 0:00:00][%mdl 4096] Endgame KRN-KRN} 24. Na5 Rc7 25. b4 a6 26. Nb3 b6 27. Ke2 Ke7 28. e4 c5 29. bxc5 Nxc5 30. Nxc5 bxc5 {[%emt 0:00:05] KR-KR. The position is equal.} ({Don't take} 30... Rxc5 31. Rxc5 bxc5 32. Kd3 $16) 31. Rb1 Rd7 32. Rb6 Rd4 33. Rxa6 Rxe4+ 34. Kd3 Rd4+ 35. Kc3 Rf4 36. f3 Kd7 37. a4 Kc7 38. a5 {[%emt 0:03:50] An even fight not without its subleties.   Weighted Error Value: White=0.03 (flawless) /Black=0.03 (flawless)} 1/2-1/2

[Event "Charlotte Spring IM-C 2023"]
[Site "Charlotte"]
[Date "2023.03.17"]
[Round "3.1"]
[White "Sriniaiyer, Sudarshan"]
[Black "Adamson, Robby"]
[Result "0-1"]
[ECO "E21"]
[WhiteElo "2186"]
[BlackElo "2265"]
[Annotator "TA"]
[PlyCount "68"]
[EventDate "2023.03.14"]
[EventType "tourn"]
[EventCountry "USA"]
[SourceTitle "playchess.com"]
[Source "ChessBase"]
[SourceQuality "1"]
[TimeControl "5400+30"]

1. d4 Nf6 2. c4 e6 3. Nc3 Bb4 4. e3 O-O 5. Bd2 c5 6. a3 Bxc3 7. Bxc3 Ne4 8. Rc1 d6 9. Nf3 b6 10. Be2 Bb7 11. O-O Nd7 12. Qc2 {[%emt 0:12:36] E21: Nimzo-Indian: 4 Nf3.} Qe7 13. Rfd1 f5 {[%emt 0:00:00] [#]} 14. b4 $146 {[%emt 0:13:22] The position is equal.} ({Predecessor:} 14. b3 Ndf6 15. dxc5 bxc5 16. b4 Nxc3 17. Qxc3 Ne4 18. Qd3 Rad8 19. Ne1 cxb4 20. axb4 e5 21. f3 Qh4 22. h3 Qf2+ 23. Kh2 Qg3+ 24. Kg1 Nf2 25. Qa3 {0-1 Jovanovic,D (2144)-Brkovic,B (2236) Serbia-chT central 2003}) 14... Ndf6 15. Be1 Rad8 16. Rb1 Qc7 17. Qb3 Rb8 18. a4 (18. dxc5 $16 dxc5 19. Qb2) 18... g5 $11 19. bxc5 bxc5 20. dxc5 dxc5 {[%emt 0:00:00][%cal Oe4f2] Strongly threatening ...Nxf2!} 21. Qb2 $2 {[%emt 0:04:44] [#]} (21. Qa3 $11) 21... Nxf2 $1 $19 22. Bxf2 Bxf3 23. Qa2 Bxe2 24. Qxe2 Ne4 {[%emt 0:02:04] Against Bg3} 25. Be1 Kg7 {[%emt 0:01:47] Black is more active.} 26. Rb5 (26. Rxb8 $17 Rxb8 27. Qh5) 26... a6 27. Rxb8 Rxb8 28. Qd3 (28. Qh5 {was necessary.} Rd8 29. Bg3 Rxd1+ 30. Qxd1 Nxg3 31. hxg3) 28... Kg6 29. Qc2 Qb7 30. Qd3 Qb3 31. Qd7 (31. Qxb3 $142 Rxb3 32. Kf1) 31... Qxe3+ (31... Qxc4 $2 {loses.} 32. Bg3 Nf6 33. Qd6 $19) 32. Kh1 Nf6 33. Qe7 {[%emt 0:00:56] [#]} (33. Qd2 $19 Qxd2 34. Rxd2) 33... Qe2 34. Rc1 Qf1# {[%emt 0:00:04] Artfully played by Adamson.   Weighted Error Value: White=0.62/Black=0.09 (flawless)} 0-1

[Event "Charlotte Spring IM-C 2023"]
[Site "Charlotte"]
[Date "2023.03.17"]
[Round "3.2"]
[White "Vanapalli, Vishnu"]
[Black "Jayaraman, Roshan"]
[Result "1-0"]
[ECO "C47"]
[WhiteElo "2226"]
[BlackElo "1907"]
[Annotator "TA"]
[PlyCount "73"]
[EventDate "2023.03.14"]
[EventType "tourn"]
[EventCountry "USA"]
[TimeControl "5400+30"]

1. e4 e5 2. Nf3 Nf6 3. Nc3 Nc6 4. d4 exd4 5. Nxd4 Nxe4 6. Nxe4 Qe7 $1 {[%emt 0:00:10] [#]} 7. Bd3 {[%emt 0:02:40] C47: Scotch Four Knights and Four Knights with 4 g3.} Nxd4 8. O-O d5 {[%emt 0:03:31] [#]} 9. Bc4 $1 {[%emt 0:43:21][%mdl 64] [#] Discovered Attack} Ne2+ $146 ({Not} 9... Qxe4 10. Re1 $16) (9... Nf3+ {is more complex.} 10. Qxf3 Qxe4 11. Bxd5 Qxf3 12. Re1+ Be7) (9... Nf3+ 10. Qxf3) ({Predecessor:} 9... Nf3+ 10. Qxf3 Qxe4 11. Bxd5 Qxf3 12. Bxf3 c6 13. Re1+ Be7 14. Bg5 Be6 15. Bxe7 Kxe7 {1-0 Xiong,J (2688)-Chigaev,M (2631) Titled Tuesday intern op 07th Jun Early blitz 2022 (8)}) 10. Qxe2 (10. Bxe2 $14 dxe4 11. Qd4) 10... Qxe4 $11 11. Re1 (11. Qxe4+ $11 {remains equal.} dxe4 12. Bf4) 11... Qxe2 $17 12. Rxe2+ Be6 13. Bxd5 (13. Bd3 $142) 13... Rd8 14. Rxe6+ fxe6 15. Bf3 Kf7 16. Be3 b6 17. Re1 Be7 18. g3 Bf6 19. c3 g6 20. a4 Rd6 21. a5 Rb8 22. Ra1 bxa5 23. Rxa5 (23. Ra2 $17) 23... Rxb2 $19 24. Rxa7 {[%emt 0:00:24] [#]} Rd7 (24... Bxc3 $2 25. Rxc7+ Kf6 26. Rxc3 $18) 25. Kg2 {[%emt 0:05:00] [#]} Bxc3 (25... Be5 $1 $19 {[%cal Od7d3] Strongly threatening ...Rd3!} 26. Be4 Rb3) 26. Bc6 $15 {[%emt 0:00:19] This pair of bishops is nice.} Re7 27. Bc5 {[%emt 0:01:09] [#] Prevents e5.} Be5 $1 28. Bxe7 Kxe7 {[%emt 0:00:07][%mdl 4096] Endgame KRB-KRB} 29. Ra4 Kd6 30. Bf3 c5 {[%emt 0:01:25] Hoping for ...Bd4.} 31. Ra6+ Kd7 (31... Ke7 $5 32. Bg4 Bd6 $15) 32. Bg4 Bd6 33. Ra7+ {[%emt 0:00:20] The position is equal.} Bc7 34. Bxe6+ {[%emt 0:05:10][%mdl 64] Deflection} Kxe6 35. Rxc7 Kd5 36. Rxh7 c4 37. Rc7 {[%emt 0:00:30][%mdl 32768] White happily takes the draw.   Weighted Error Value: White=0.17 (very precise) /Black=0.12 (very precise) . Loss on time!?} 1-0

[Event "Charlotte Spring IM-C 2023"]
[Site "Charlotte"]
[Date "2023.03.17"]
[Round "3.3"]
[White "Chiku-Ratte, Olivier-Kenta"]
[Black "Nguyen, James Le"]
[Result "1-0"]
[ECO "D45"]
[WhiteElo "2301"]
[BlackElo "2100"]
[Annotator "TA"]
[PlyCount "149"]
[EventDate "2023.03.14"]
[EventType "tourn"]
[EventCountry "USA"]
[SourceTitle "playchess.com"]
[Source "ChessBase"]
[SourceQuality "1"]
[TimeControl "5400+30"]

1. d4 d5 2. c4 c6 3. Nf3 Nf6 4. Nc3 e6 5. e3 a6 6. b3 Bb4 7. Bd2 O-O 8. Bd3 Nbd7 9. O-O {[%emt 0:00:25][%cal Oc3d5] D45: Semi-Slav: 5 e3.} Bd6 10. e4 {[%emt 0:05:56] Recently 10.Rc1 got a lot of attention.} dxc4 11. Bxc4 {[%emt 0:11:54] [#] Hoping for e5. The position is equal.} (11. bxc4 $5 e5 $8 12. d5 $11 (12. c5 Bc7 $11)) 11... b5 $146 (11... e5 $1 $11 {remains equal.}) ({Predecessor:} 11... e5) 12. e5 $16 bxc4 13. bxc4 (13. exf6 Nxf6 14. bxc4 c5 $11) (13. exd6 $5 cxb3 14. Qxb3 $14 (14. axb3 Nb6 $14)) 13... Be7 14. exf6 Bxf6 15. Ne4 (15. c5 $16) 15... c5 $11 16. Nxf6+ ({But not} 16. Nxc5 Nxc5 17. Bb4 (17. dxc5 Bxa1 18. Qxa1 Bb7 $17) 17... Nd7 18. Bxf8 Nxf8 $17) 16... Qxf6 17. Rb1 {[%emt 0:05:29] Repels Bb7} e5 18. d5 e4 19. Ng5 Qg6 20. f3 {[%emt 0:00:00] White is more active.} ({White should try} 20. Rb3 $16) 20... exf3 (20... Ne5 $11) 21. Nxf3 $16 Nf6 22. Qb3 Re8 {[%emt 0:06:28] [#]} 23. Rbe1 $1 Ne4 24. Bf4 Qf6 {[%emt 0:04:36] Wards off Ne5} 25. Be3 {[%emt 0:00:51][%cal Oe3c5] aiming for Bxc5!} (25. Ng5 {with more complications.} Bf5 26. Nxe4 Bxe4 27. Bg3) 25... Bf5 26. Qa3 Qc3 27. Qxc3 ({Much weaker is} 27. Bxc5 Qxc4 28. Be3 Qxd5 $17) 27... Nxc3 28. Bxc5 {[%emt 0:00:48] Threatens to win with Ne5.} (28. Nd2 $5 Bd3 29. Rf3 $14) 28... Bd3 29. Rxe8+ Rxe8 30. Re1 Rxe1+ 31. Nxe1 Bxc4 $11 {[%emt 0:00:07][%mdl 4096] Endgame KBN-KBN} 32. d6 Bb5 33. Nf3 Ne4 (33... Nxa2 $2 34. Ne5 $18) 34. Bb4 f6 35. Nd4 {[%emt 0:00:04] And now Nxb5 would win.} Bd7 36. Kf1 Kf7 37. Ke2 f5 38. Ke3 g5 39. a3 h5 40. h4 gxh4 41. Nf3 Ke6 42. Nxh4 Nxd6 43. Ng6 {[%emt 0:00:34] Nf4+ would be deadly.} Be8 44. Nf4+ Kd7 45. Kd4 Kc6 46. Ke5 Nc4+ 47. Kxf5 Kb5 48. Nd5 Bc6 49. Nc3+ Kb6 50. g3 Ne3+ 51. Kg5 Nf1 52. Bd6 Bf3 53. Kf4 Bg4 54. Bb4 Nh2 55. a4 Kc6 56. Ne4 Bd1 57. a5 Bg4 58. Be7 Kb5 59. Bd8 Nf1 60. Nf6 Bd1 61. Nd5 Kc6 62. Nc3 Bg4 63. Ne4 Kb5 64. Bb6 Kc6 65. Bf2 Nh2 66. Nd2 {[%emt 0:00:38] Black must now prevent Bg1.} Bd1 67. Nc4 Ng4 68. Bb6 Kd5 69. Nd2 Ne5 70. Ne4 {[%emt 0:00:35] Strongly threatening Nc3+.} Bf3 71. Nc3+ Kc4 $2 (71... Kd6 $1 $11 {and Black has nothing to worry.}) 72. Na4 $2 (72. Nb1 $18) 72... Kb5 $2 (72... Bc6 $11 73. Nb2+ Kd5) 73. Nc5 $18 Nc6 74. Kxf3 {[%emt 0:00:05] Ke4 is the strong threat.} Nxa5 75. Bxa5 {[%emt 0:00:16] Weighted Error Value: White=0.09 (flawless) /Black=0.06 (flawless)} 1-0

[Event "Charlotte Spring IM-C 2023"]
[Site "Charlotte"]
[Date "2023.03.17"]
[Round "3.4"]
[White "Georgiev, Vladimir"]
[Black "Petenyi, Tamas"]
[Result "1/2-1/2"]
[ECO "E71"]
[WhiteElo "2404"]
[BlackElo "2325"]
[Annotator "TA"]
[PlyCount "35"]
[EventDate "2023.03.14"]
[EventType "tourn"]
[EventCountry "USA"]
[SourceTitle "playchess.com"]
[Source "ChessBase"]
[SourceQuality "1"]
[TimeControl "5400+30"]

1. d4 Nf6 2. c4 g6 3. Nc3 Bg7 4. e4 d6 5. h3 O-O 6. Bg5 c5 7. d5 b5 8. cxb5 a6 9. a4 Qa5 {[%emt 0:04:59] [#]} 10. Bd2 $1 axb5 $1 {[%emt 0:07:57][%mdl 4] now scores much better than the old 10...Qb4. E71: King's Indian: 4 e4 d6 5 h3.} 11. Nxb5 (11. Bxb5 $16 Ba6 12. Nge2) 11... Qb6 $11 12. Bd3 c4 13. Bc2 {[%emt 0:01:27] [#]} Ba6 $146 ({Predecessor:} 13... Bd7 14. Nf3 Bxb5 15. axb5 Nbd7 16. O-O Qxb5 17. Bc3 Rxa1 18. Qxa1 Nc5 19. Nd4 Qb7 {1-0 Karhanek,P (2160)-Splichal,S (2130) Ostrava op 1998}) 14. Ne2 Bxb5 15. axb5 Rxa1 16. Qxa1 {[%emt 0:00:09] The position is equal.} Qxb5 17. O-O Nbd7 18. Bc3 {[%emt 0:06:26] White got outplayed after the opening.   Weighted Error Value: White=0.12 (very precise) /Black=0.07 (flawless)} (18. Qa2 $5 ) 1/2-1/2

[Event "Charlotte Spring IM-C 2023"]
[Site "Charlotte"]
[Date "2023.03.17"]
[Round "3.5"]
[White "Amburgy, Ryan"]
[Black "Yu, Jiangwei"]
[Result "0-1"]
[ECO "D15"]
[WhiteElo "2242"]
[BlackElo "2167"]
[Annotator "TA"]
[PlyCount "122"]
[EventDate "2023.03.14"]
[EventType "tourn"]
[EventCountry "USA"]
[SourceTitle "playchess.com"]
[Source "ChessBase"]
[SourceQuality "1"]
[TimeControl "5400+30"]

1. d4 d5 2. c4 c6 3. Nf3 Nf6 4. Nc3 a6 5. e3 Bf5 6. Qb3 b5 {[%emt 0:00:25] D15: Slav Defence: 4 Nc3 a6 and gambit lines after 4 Nc3 dxc4.} 7. cxd5 cxd5 8. a4 b4 {[%emt 0:00:00] The position is equal.} 9. Qxb4 Nc6 $1 10. Qc5 Bd7 (10... Na5 $5 11. Bxa6 {[%mdl 64] Decoy} Rxa6 12. Qb5+ Rc6 $11) 11. Ne5 e6 12. Nxc6 Qc7 {[%emt 0:00:00] [#]} 13. Ne7 $1 Qxc5 14. dxc5 {[%emt 0:00:01][%cal Oc5c6] c6! is the strong threat.} Bxe7 15. b4 a5 16. bxa5 Bxc5 17. Bd2 Bb4 ({Less strong is} 17... Rxa5 18. Nb5 Bb6 19. Bb4 $18) 18. a6 Ke7 19. Bd3 {[%emt 0:00:20] [#]} Bc8 $146 ({Predecessor:} 19... Rhc8 20. Ne2 Bxd2+ 21. Kxd2 Ne4+ 22. Bxe4 dxe4 23. Rhb1 Rxa6 24. Nc3 Rd6+ 25. Kc2 e5 {0-1 Makkar,R (2399)-Wadsworth,M (2467) Newcastle EJCOA 4th 2022 (3)}) 20. Nb5 (20. Rb1 $5 Bc5 21. a7 $14) 20... Bxd2+ 21. Kxd2 {[%emt 0:00:01] Hoping for a7.} Rxa6 22. Rhc1 Ra5 23. Nd4 {[%emt 0:04:16] And now Nc6+ would win.} Bd7 24. Nc6+ Bxc6 25. Rxc6 Ne4+ 26. Bxe4 dxe4 $14 {[%emt 0:00:00][%mdl 4096] Endgame KRR-KRR} 27. Kc3 Rb8 28. Ra2 f5 29. Rc4 Rb1 30. h4 Rd5 {[%emt 0:00:00] Threatens to win with ...Rd3+.} 31. Rd4 {[%emt 0:03:51][%mdl 8192] Prevents Rd3+. White is on the road to losing.} (31. Kc2 $11 Rdd1 32. Rb4 Rdc1+ 33. Kd2) 31... Rc5+ $19 32. Kd2 e5 33. Rc2 Rxc2+ 34. Kxc2 exd4 35. Kxb1 {[%emt 0:00:01] [#] KP-KP} d3 $1 36. Kb2 Kd6 37. Kc3 Kc5 38. h5 Kb6 {[%emt 0:00:00] Black mates.} 39. Kb2 Ka5 40. Kb3 g6 41. hxg6 hxg6 42. f3 g5 43. Kb2 Kxa4 44. Kc3 g4 45. Kd2 Kb3 46. fxe4 fxe4 {[%emt 0:00:00] K3P-KPP} 47. Kc1 Kc3 48. Kd1 d2 (48... g3 49. Kc1 Kb4 50. Kd2 $17) 49. g3 Kb3 50. Kxd2 {[%emt 0:00:05] KPP-KPP} Kb2 51. Kd1 Kc3 52. Ke2 {[%emt 0:00:12] [#]} Kc2 $1 53. Ke1 Kd3 54. Kf2 Kd2 55. Kf1 Kxe3 {[%emt 0:00:05] KPP-KP} 56. Ke1 Kf3 57. Kf1 Kxg3 58. Ke2 Kh2 59. Ke3 g3 60. Kxe4 g2 61. Kf3 g1=Q {[%emt 0:00:04] Weighted Error Value: White=0.34/Black=0.03 (flawless)} ({Weaker is} 61... g1=B 62. Kg4 $11) 0-1

[Event "Charlotte Spring IM-C 2023"]
[Site "Charlotte"]
[Date "2023.03.17"]
[Round "4.1"]
[White "Adamson, Robby"]
[Black "Yu, Jiangwei"]
[Result "1/2-1/2"]
[ECO "C41"]
[WhiteElo "2265"]
[BlackElo "2167"]
[Annotator "TA"]
[PlyCount "130"]
[EventDate "2023.03.14"]
[EventType "tourn"]
[EventCountry "USA"]
[SourceTitle "playchess.com"]
[Source "ChessBase"]
[SourceQuality "1"]
[TimeControl "5400+30"]

1. e4 d6 2. d4 Nf6 3. Nc3 e5 4. Nf3 Nbd7 5. Bc4 Be7 6. a4 exd4 {[%emt 0:03:27] C41: Philidor Defence.} 7. Qxd4 Nc5 8. O-O O-O 9. h3 Be6 10. Bf4 {[%emt 0:02:16] [#]} Nfd7 $146 ({Predecessor:} 10... Bxc4 11. Qxc4 Nfxe4 12. Nxe4 d5 13. Nf6+ gxf6 14. Qc3 Ne4 15. Qb3 Nc5 16. Qe3 Re8 {0-1 Pierecker,M (2160)-Kleibel,U (2163) AUT-chT2M 1415 2014 (4.2)}) 11. Bd5 Bf6 12. Qd2 Bxc3 13. Qxc3 Qf6 14. Qxf6 Nxf6 15. Bxe6 Nxe6 16. e5 Nxf4 17. exf6 gxf6 18. a5 d5 19. Ra4 Ne6 20. Rd1 Rad8 21. Rb4 b6 22. axb6 axb6 23. Rb5 d4 $1 24. Kf1 Rb8 (24... Rd7 $15) 25. Rf5 $11 c5 26. Rxf6 Kg7 27. Rf5 f6 {[%emt 0:01:42] Wards off Ne5} 28. Re1 Nc7 {[%emt 0:00:24] [#]} 29. b4 $1 Na6 30. bxc5 bxc5 31. Ra1 (31. Re6 $5 Rfe8 32. Rfxf6 $16 (32. Rxa6 $2 Rb1+)) 31... Rb6 32. Rd5 Rf7 33. Nd2 Rc6 34. Nb3 Rfc7 35. Rc1 (35. Ra5 $14) 35... Nb4 36. Rd8 Ra6 37. Rb8 $1 Ra2 {[%emt 0:02:23] [#]} (37... d3 $5 38. cxd3 Nxd3 $11) 38. Nxc5 $1 Rxc5 39. Rxb4 {[%emt 0:00:06][%mdl 4096] Endgame KRR-KRR} d3 $1 40. c3 Rc2 41. Rd1 Ra5 (41... R2xc3 42. Rd4 $16) (41... Rf5 $11 {keeps the balance.} 42. Rg4+ (42. Rxd3 Rfxf2+ 43. Ke1 Rxg2 $11) 42... Kf7) 42. Rd4 (42. Rxd3 $2 Ra1+) ({White should try} 42. Kg1 $1 $16) 42... Rf5 (42... Raa2 $5 43. Kg1 (43. R1xd3 Rxf2+ 44. Ke1 Rxg2 $11) 43... Rxf2 44. Rg4+ (44. R4xd3 Rxg2+ 45. Kh1 Rh2+ 46. Kg1 Rag2+ 47. Kf1 Rf2+ 48. Kg1 Rhg2+ 49. Kh1 Kh6 $17) 44... Kf7 $11) 43. f4 ({But not} 43. R1xd3 Rfxf2+ 44. Ke1 Rxg2 45. Rg4+ Rxg4 46. hxg4 Kg6 $11) 43... Rxc3 44. Kf2 Rc2+ 45. Kf3 Ra5 (45... h5 {looks sharper.} 46. Rd7+ Kh6 47. Rd6 Kg7) 46. R1xd3 Raa2 (46... h5 $11 {remains equal.}) 47. g4 $1 $16 Rg2 (47... Kg6 $16 {might work better.}) 48. Rd7+ $18 Kh6 (48... Kg6 $142 49. f5+ Kh6) 49. R3d6 Raf2+ 50. Ke4 Kg6 51. f5+ Kg5 52. Rg7+ ({White must play} 52. Rxh7 $18 Re2+ 53. Kd5) 52... Kh6 $16 {[%emt 0:00:35] [#]} 53. Rdd7 {[%emt 0:01:02] White is more active.} (53. Rxf6+ $2 {perishes.} Kxg7 54. Rc6 Rg3 $19) 53... Re2+ 54. Kf3 $2 ({White has to play} 54. Kd5 $16) 54... Ref2+ 55. Ke3 Re2+ 56. Kf4 (56. Kd4 $14 Rd2+ 57. Kc5 Rxd7 58. Rxd7) 56... Ref2+ $11 57. Ke4 $2 (57. Ke3 $11 Re2+ 58. Kf4 Rgf2+ 59. Kg3 Rg2+ 60. Kh4) 57... Re2+ $16 58. Kd5 {[%emt 0:00:28][%cal Od5d6] Hoping for Kd6!} Re5+ {[%emt 0:01:28] [#]} 59. Kc6 (59. Kc4 $1 $18 Rc2+ 60. Kb3) 59... Rc2+ $14 60. Kb6 ({Better is} 60. Kd6 $1 $14 Rd2+ 61. Kc6 Rxd7 62. Rxd7) 60... Rb5+ $1 $11 {[%emt 0:00:27][%mdl 64] Decoy. The position is equal.} 61. Kxb5 {[%emt 0:01:36] White wants to mate with g5+.} Rc5+ $1 62. Ka6 Rc6+ $1 63. Kb5 {[%emt 0:00:31] White threatens g5+ and mate.} Rc5+ $1 64. Kb6 {[%emt 0:00:15] g5+ would kill now.} Rc6+ $1 65. Ka7 {[%emt 0:00:05] Threatening mate with g5+.} Rc7+ $1 {[%emt 0:00:04] An interesting game.   Weighted Error Value: White=0.15 (very precise) /Black=0.13 (very precise)} 1/2-1/2

[Event "Charlotte Spring IM-C 2023"]
[Site "Charlotte"]
[Date "2023.03.17"]
[Round "4.3"]
[White "Nguyen, James Le"]
[Black "Georgiev, Vladimir"]
[Result "0-1"]
[ECO "B30"]
[WhiteElo "2100"]
[BlackElo "2404"]
[Annotator "TA"]
[PlyCount "70"]
[EventDate "2023.03.14"]
[EventType "tourn"]
[EventCountry "USA"]
[SourceTitle "playchess.com"]
[Source "ChessBase"]
[SourceQuality "1"]
[TimeControl "5400+30"]

1. e4 c5 2. Nf3 Nc6 3. Bb5 e5 4. O-O Bd6 5. Re1 Nge7 6. c3 {[%emt 0:00:59] [#] B30: Sicilian: 2...Nc6 3 Bb5, lines without ...g6.} Ng6 $146 ({Predecessor:} 6... O-O 7. d4 cxd4 8. cxd4 exd4 9. Nxd4 Bc5 10. Be3 Qb6 11. Bxc6 dxc6 12. Nc3 Qc7 {½-½ Petriashvili,N (2428)-Nogerbek,K (2467) Wch U20 59th 2022 (10)}) 7. d4 cxd4 8. cxd4 {[%emt 0:01:06] White is slightly better.} Nxd4 9. Nxd4 exd4 10. Qxd4 Be5 11. Qd2 O-O 12. Nc3 d6 13. Bc4 Be6 (13... Qh4 14. g3 Qg4 15. Be2 Bxc3 16. Qxc3 (16. Qxd6 Qxe4 17. bxc3 Ne5 $17) 16... Qxe4 17. Bf3 $14) 14. Nd5 Rc8 (14... Qh4 15. g3 Qg4 16. Re3 $14) 15. Bb3 Bxd5 (15... Qh4 16. g3 Qd8 17. f4 $14) 16. Qxd5 b6 17. Rb1 Qf6 18. Rd1 Nh4 19. Be3 (19. g3 Nf3+ 20. Kg2 Nd4 $15) (19. Qd3 $1 $14) 19... Qg6 $11 {[%emt 0:00:00][%csl Gh4][%cal Rg6g2] Some like it hot} 20. g3 {[%emt 0:00:17] Black must now prevent f4.} Qg4 $40 {[%emt 0:00:00][%mdl 128] Black attacks.} 21. Rdc1 $2 {[%emt 0:04:15][%mdl 8192] [#] Black continues to play with concentration.} (21. Qd3 $11) 21... Qh3 $1 $19 22. gxh4 Bxh2+ 23. Kh1 {[%emt 0:00:04] Strongly threatening Qf5.} Bf4+ ({Weaker is} 23... Qxh4 24. Kg2 Be5 25. Qxf7+ Kh8 26. Rxc8 (26. Qxa7 $2 {perishes.} Qxe4+ 27. Kg1 Qg4+ 28. Kf1 Rce8 $19) 26... Qg4+ 27. Kf1 Qxc8 28. Qxa7 $18) 24. Kg1 Bxe3 25. Rxc8 Qg3+ 26. Kh1 Qxh4+ 27. Kg2 Qxf2+ (27... Rxc8 $2 28. fxe3 Rf8 29. Rf1 $18 (29. Qxd6 $2 Qxe4+ 30. Kf2 Qxb1 $19)) 28. Kh3 Rxc8 $2 {[%emt 0:00:00] [#]} (28... Qf3+ 29. Kh2 Rxc8 30. Qxf7+ {[%mdl 64] Decoy} Qxf7 31. Bxf7+ Kxf7 32. Rf1+ Ke6) 29. Qxd6 $2 (29. Qf5 Qxf5+ 30. exf5) 29... Qf3+ $2 (29... Bf4 30. Qd3 Qh2+ 31. Kg4 h5+ 32. Kf3 Rc5) 30. Qg3 Qxg3+ (30... Qxe4 $2 {is the wrong capture.} 31. Rf1 $19) 31. Kxg3 Rc1 32. Rxc1 Bxc1 33. Kf3 (33. Bc4 $142) 33... Bxb2 34. Ke3 $2 (34. Kf4) 34... Kf8 (34... Be5 $142 35. Kd3 g6) 35. Kd3 $2 (35. Kf4) 35... Ke7 {[%emt 0:00:00] An entertaining game by Georgiev.   Weighted Error Value: White=1.00/Black=0.40} 0-1